 Dungeon Crawl Stone Soup version 0.31-a0-219-g8d62b2e7bb (webtiles) character file.

Game seed: 1916164024547681706

6689 qw the Skirmisher (level 10, -10/91 HPs)
             Began as a Minotaur Hexslinger on July 3, 2023.
             Was a Priest of Okawaru.
             Mangled by a boulder beetle (20 damage)
             ... on level 9 of the Dungeon.
             The game lasted 00:03:04 (8455 turns).

qw the Skirmisher (Minotaur Hexslinger)             Turns: 8455, Time: 00:03:05

Health: -10/91     AC: 13    Str: 17    XL:     10   Next: 73%
Magic:  12/12      EV: 16    Int: 11    God:    Okawaru [***...]
Gold:   131        SH:  0    Dex: 17    Spells: 10/11 levels left

rFire   + . .        k - +3 sling "Uruocih" {heavy, rN++ Str+4 Int-4}
rCold   . . .        (no shield)
rNeg    + + .        s - +4 ring mail of Atasobb {rElec rF+ Int+5}
rPois   +            d - +2 hat
rElec   +            (no cloak)
rCorr   +            (no gloves)
SInv    .            (no boots)
Will    .....        f - amulet of faith
Stlth   ++           q - ring of resist corrosion
HPRegen 0.35/turn    i - ring of poison resistance
MPRegen 0.13/turn

%: faith
@: heroic
A: horns 2, retaliatory headbutt, talons 1, mutation resistance 1
a: Renounce Religion, Heroism


You were on level 9 of the Dungeon.
You worshipped Okawaru.
Okawaru was most pleased with you.
You visited 1 branch of the dungeon, and saw 9 of its levels.

You collected 510 gold pieces.
You spent 379 gold pieces at shops.


Innate Abilities, Weirdness & Mutations

You have a pair of horns on your head.
You reflexively headbutt those who attack you in melee.
You have sharp toenails.
You are somewhat resistant to further mutation.


   Skills:
 - Level 9.1(14.1) Fighting
 - Level 14.0(19.0) Ranged Weapons
 - Level 4.1(9.1) Armour
 + Level 5.1(10.1) Dodging
 - Level 1.0 Spellcasting
 - Level 2.0 Hexes
 - Level 4.0 Invocations


You had 10 spell levels left.
You knew the following spells:

 Your Spells              Type           Power      Damage    Failure   Level
a - Slow                  Hex            16%        N/A       22%         1

Your spell library contained the following spells:

 Spells                   Type           Power      Damage    Failure   Level
 Inner Flame              Hex/Fire       2%         N/A       71%         3
 Portal Projectile        Hex/Tloc       4%         N/A       71%         3
 Cause Fear               Hex            2%         N/A       92%         4

Inventory:

Hand Weapons
 k - the +3 sling "Uruocih" (weapon) {heavy, rN++ Str+4 Int-4}
   (You found it on level 3 of the Dungeon)

   Str:       It affects your strength (+4).
   Int:       It affects your intelligence (-4).
   rN:        It greatly protects you from negative energy.
Armour
 d - a +2 hat (worn)
 n - +0 swamp dragon scales
 s - the +4 ring mail of Atasobb (worn) {rElec rF+ Int+5}
   (You bought it in a shop on level 8 of the Dungeon)

   Int:       It affects your intelligence (+5).
   rF:        It protects you from fire.
   rElec:     It insulates you from electricity.
Jewellery
 f - an amulet of faith (around neck)
 i - a ring of poison resistance (right hand)
 q - a ring of resist corrosion (left hand)
Wands
 u - a wand of digging (4)
Scrolls
 g - a scroll of identify
 h - a scroll of enchant weapon
Potions
 a - a potion of might
 b - a potion of mutation
 c - 2 potions of cancellation
 e - 2 potions of resistance
 j - 2 potions of enlightenment
 l - a potion of magic
 o - a potion of degeneration {unknown}
 p - a potion of brilliance {unknown}
 r - a potion of lignification {unknown}

Dungeon Overview and Level Annotations

Branches:
Dungeon (9/15)             Temple (0/1) D:5
   Lair: D:8-11         Orc: D:9-12

Altars:
Ashenzari
Cheibriados
Dithmenos
Elyvilon
Fedhas
Gozag
Nemelex Xobeh
Okawaru
Qazlal
Ru
Sif Muna
Vehumet
Yredelemnul
Zin
The Shining One

Shops:
D:1 [   D:2 [   D:3 =*?*=   D:8 [

Annotations:
D:5 exclusion: orc


Message History

The boulder beetle leaps!
The wyvern bites you but does no damage.
The wyvern closely misses you.
A wight comes into view. It is wielding a +2 halberd.
You shoot a sling bullet.
The sling bullet barely misses the wyvern.
The wyvern bites you but does no damage.
The wyvern misses you. You furiously retaliate!
You headbutt the wyvern.
The wyvern bites you but does no damage.
The boulder beetle curls into a ball and begins rolling!
The wyvern bites you but does no damage.
You shoot a sling bullet.
The sling bullet barely misses the wyvern.
The wyvern barely misses you. The wyvern closely misses you.
You shoot a sling bullet. The sling bullet hits the wyvern.
The wyvern is almost dead.
The wyvern barely misses you. You furiously retaliate!
You headbutt the wyvern!
You kill the wyvern!
Okawaru accepts your kill. The wyvern completely misses you.
You furiously retaliate!
You headbutt the wyvern.
The wyvern bites you but does no damage.
You shoot a sling bullet.
The sling bullet completely misses the wyvern.
The wyvern bites you! The wyvern closely misses you. You furiously retaliate!
You headbutt the wyvern. You shoot a sling bullet.
The sling bullet hits the wyvern.
You kill the wyvern!
Okawaru accepts your kill. The boulder beetle hits you!!
The boulder beetle stops rolling and uncurls.
Your base Ranged Weapons skill increases to level 14!
You shoot a sling bullet.
The sling bullet hits the boulder beetle!
The boulder beetle is almost dead.
The boulder beetle bites you!
You shoot a sling bullet.
The sling bullet barely misses the boulder beetle.
The boulder beetle bites you!!
You die...

....#######)#####..
... #........../# .
. #....).....[# .~
#...........# .~.
#..)........# #~..
#...........# #~..z
#.[.........#
#~...)###'#########
#~..).%@..........
.~)....B..........
.~.)..............
#~................
#~................
#~................
#~..............##
#~....######+##.#


You could see a boulder beetle and a wight.

Vanquished Creatures
  A two-headed ogre (D:8)
  Pikel (D:6)
  Maggie (D:6)
  Grinder (D:5)
  Sigmund (D:4)
  A vampire (D:9)
  4 yaks (D:7)
  3 wyverns
  Menkaure (D:6)
  2 steam dragons (D:8)
  2 water moccasins (D:5)
  An orc warrior (D:9)
  3 ice beasts
  2 black bears
  3 centaurs
  2 ogres
  A phantom (D:6)
  A lemure (D:6)
  A kobold brigand (D:6)
  5 bullfrogs
  A gnoll sergeant (D:8)
  5 wights
  3 killer bees (D:8)
  2 howler monkeys
  4 jellies
  9 orc priests
  4 hounds
  2 gnoll boudas
  12 orc wizards
  Ijyb (D:5)
  4 iguanas
  9 gnolls (D:8)
  9 adders
  A shadow imp (D:7)
  A white imp (D:5)
  A worm (D:5)
  2 dart slugs (D:3)
  41 orcs
  3 ball pythons
  3 endoplasms
  2 giant cockroaches (D:1)
  6 goblins
  6 hobgoblins
  3 quokkas
  7 bats
  2 frilled lizards (D:1)
  12 kobolds
  3 rats
195 creatures vanquished.

Notes
Turn   | Place    | Note
-------+----------+-------------------------------------------
     0 | D:1      | qw the Minotaur Hexslinger began the quest for the Orb.
     0 | D:1      | Reached XP level 1. HP: 16/16 MP: 1/1
     0 | D:1      | 0 ||| qw: Version: 0.3-a-40-ge99b1a8
     0 | D:1      | 0 ||| qw: Game counter: 413
     0 | D:1      | 0 ||| qw: Melee chars always use a shield: true
     0 | D:1      | 0 ||| qw: God list: Okawaru
     0 | D:1      | 0 ||| qw: Allow faded altars: false
     0 | D:1      | 0 ||| qw: Do Orc after clearing Dungeon:15 true
     0 | D:1      | 0 ||| qw: Do second Lair branch before Depths: true
     0 | D:1      | 0 ||| qw: Lair rune preference: random
     0 | D:1      | 0 ||| qw: Goals: Normal
     0 | D:1      | 0 ||| PLANNING D:1-11
   156 | D:1      | Reached skill level 3 in Ranged Weapons
   162 | D:1      | Reached XP level 2. HP: 23/23 MP: 2/2
   186 | D:1      | Found Biam's Antique Armour Emporium.
   195 | D:1      | 195 ||| SHOPLISTING brightly glowing leather armour (217
                  | gold, have 22).
   195 | D:1      | 195 ||| SHOPLISTING cloak (139 gold, have 22).
   195 | D:1      | 195 ||| SHOPLISTING ring mail (124 gold, have 22).
   195 | D:1      | 195 ||| SHOPLISTING spiked ring mail (279 gold, have 22).
   610 | D:1      | 610 ||| UPGRADING to amulet of faith.
   615 | D:1      | 615 ||| READING scroll labelled GUWKES CYVI.
   616 | D:1      | 616 ||| DROPPING scroll of poison.
   626 | D:2      | 626 ||| STAIRDANCE
   681 | D:2      | Found a basalt altar of Yredelemnul.
   881 | D:2      | Reached XP level 3. HP: 15/29 MP: 3/3
  1113 | D:2      | Found Cihuz's Antique Armour Emporium.
  1121 | D:2      | 1121 ||| SHOPLISTING heavily jewelled robe (148 gold, have
                  | 67).
  1121 | D:2      | 1121 ||| SHOPLISTING pair of embroidered gloves (195 gold,
                  | have 67).
  1121 | D:2      | 1121 ||| SHOPLISTING ring mail (104 gold, have 67).
  1447 | D:2      | 1447 ||| READING scroll labelled XAILEENWOJ.
  1469 | D:3      | Found Xirrocw's Jewellery Shoppe.
  1478 | D:3      | 1478 ||| SHOPLISTING +4 ring of protection (504 gold, have
                  | 67).
  1478 | D:3      | 1478 ||| SHOPLISTING amulet of Xom's Best Wishes {Faith
                  | Harm rC+ Will+} (834 gold, have 67).
  1478 | D:3      | 1478 ||| SHOPLISTING amulet of regeneration (420 gold, have
                  | 67).
  1478 | D:3      | 1478 ||| SHOPLISTING ring of fire (350 gold, have 67).
  1495 | D:3      | Found Fegiaw Doepp's Assorted Antiques.
  1509 | D:3      | 1509 ||| BUYING black potion (27 gold).
  1509 | D:3      | Bought a black potion for 27 gold pieces
  1509 | D:3      | 1509 ||| BUYING blue potion (27 gold).
  1509 | D:3      | Bought a blue potion for 27 gold pieces
  1509 | D:3      | 1509 ||| SHOPLISTING fluorescent wand (120 gold, have 25).
  1509 | D:3      | 1509 ||| SHOPLISTING scroll of identify (60 gold, have 25).
  1509 | D:3      | 1509 ||| SHOPLISTING shiny gold wand (120 gold, have 25).
  1520 | D:3      | Found an iron altar of Okawaru.
  1521 | D:3      | 1521 ||| PLANNING OKAWARU WORSHIP
  1532 | D:3      | Reached skill level 4 in Ranged Weapons
  1596 | D:3      | 1596 ||| DRINKING 2 blue potions.
  1596 | D:3      | Gained mutation: You are somewhat resistant to further
                  | mutation. [potion of mutation]
  1596 | D:3      | Gained mutation: You have sharp toenails. [potion of
                  | mutation]
  1601 | D:3      | Became a worshipper of Warmaster Okawaru
  1602 | D:3      | 1602 ||| PLANNING D:1-11
  1630 | D:3      | Found a shadowy altar of Dithmenos.
  1645 | D:3      | Noticed an ogre
  1655 | D:3      | HP: 5/29 [ogre/+0 giant club (4)]
  1657 | D:3      | Killed an ogre
  1658 | D:3      | Reached skill level 5 in Ranged Weapons
  1658 | D:3      | Reached XP level 4. HP: 8/36 MP: 4/4
  1766 | D:3      | Found Tumymy's Magic Scroll Shop.
  1777 | D:3      | 1777 ||| SHOPLISTING 3 scrolls of enchant weapon (315 gold,
                  | have 35).
  1777 | D:3      | 1777 ||| SHOPLISTING scroll of enchant armour (105 gold,
                  | have 35).
  1777 | D:3      | 1777 ||| BUYING scroll of identify (28 gold).
  1777 | D:3      | Bought a scroll of identify for 28 gold pieces
  1777 | D:3      | 1777 ||| SHOPLISTING scroll of identify (28 gold, have 7).
  1928 | D:3      | Found Biel Zath's General Store.
  1933 | D:3      | 1933 ||| SHOPLISTING potion of haste (110 gold, have 7).
  1933 | D:3      | 1933 ||| SHOPLISTING wand of digging (8) (369 gold, have
                  | 7).
  1980 | D:3      | Found Hesch's Jewellery Emporium.
  1991 | D:3      | 1991 ||| SHOPLISTING amulet of Equivalence {Reflect rN+
                  | Will++ Dex-3 SH+5} (489 gold, have 33).
  1991 | D:3      | 1991 ||| SHOPLISTING amulet of reflection (300 gold, have
                  | 33).
  1991 | D:3      | 1991 ||| SHOPLISTING amulet of regeneration (300 gold, have
                  | 33).
  1991 | D:3      | 1991 ||| SHOPLISTING ring "Elucuuw" {rF+ rC+} (390 gold,
                  | have 33).
  1991 | D:3      | 1991 ||| SHOPLISTING ring of ice (250 gold, have 33).
  2094 | D:3      | Identified the +3 sling "Uruocih" {heavy, rN++ Str+4 Int-4}
  2096 | D:3      | 2096 ||| SWAPPING to +3 sling "Uruocih" {heavy, rN++ Str+4
                  | Int-4}.
  2097 | D:3      | 2097 ||| DROPPING +1 sling.
  2481 | D:3      | 2481 ||| UPGRADING to +0 ring mail.
  2491 | D:3      | 2491 ||| DROPPING +0 robe.
  2492 | D:3      | 2492 ||| UPGRADING to ring of poison resistance.
  2493 | D:3      | 2493 ||| READING scroll labelled FOTHOSK PYTUSA.
  2494 | D:3      | 2494 ||| READING 2 scrolls of identify.
  2494 | D:3      | 2494 ||| IDENTIFYING black potion
  2514 | D:4      | Noticed Sigmund
  2521 | D:4      | Killed Sigmund
  2521 | D:4      | Reached * piety under Okawaru
  2522 | D:4      | Reached XP level 5. HP: 31/48 MP: 5/5
  2522 | D:4      | Reached XP level 6. HP: 36/56 MP: 6/6
  2616 | D:4      | 2616 ||| INVOKING Heroism.
  2623 | D:4      | Reached skill level 1 in Armour
  2623 | D:4      | Reached skill level 1 in Invocations
  2624 | D:4      | 2624 ||| INVOKING Heroism.
  2721 | D:4      | 2721 ||| INVOKING Heroism.
  2816 | D:4      | Found a shimmering blue altar of Sif Muna.
  2909 | D:4      | Reached skill level 6 in Ranged Weapons
  3121 | D:4      | Reached XP level 7. HP: 61/61 MP: 7/7
  3136 | D:4      | Found a sparkling altar of Nemelex Xobeh.
  3257 | D:4      | 3257 ||| INVOKING Heroism.
  3278 | D:4      | Reached skill level 3 in Invocations
  3512 | D:4      | 3512 ||| READING scroll labelled ENETHR ELUKAISK.
  3513 | D:4      | 3513 ||| READING scroll labelled BEINISE OSICK.
  3518 | D:4      | 3518 ||| DRINKING 2 pink potions.
  3519 | D:4      | 3519 ||| READING 4 scrolls of identify.
  3519 | D:4      | 3519 ||| IDENTIFYING smoky ruby potion
  3520 | D:4      | 3520 ||| READING 3 scrolls of identify.
  3520 | D:4      | 3520 ||| IDENTIFYING metallic blue potion
  3521 | D:4      | 3521 ||| READING 2 scrolls of identify.
  3521 | D:4      | 3521 ||| IDENTIFYING fizzy green potion
  3522 | D:4      | 3522 ||| DROPPING potion of attraction.
  3542 | D:5      | Entered Level 5 of the Dungeon
  3624 | D:5      | 3624 ||| INVOKING Heroism.
  3684 | D:5      | 3684 ||| INVOKING Heroism.
  3718 | D:5      | Noticed Grinder
  3718 | D:5      | Paralysed by Grinder for 4 turns
  3728 | D:5      | Killed Grinder
  3729 | D:5      | Reached skill level 7 in Ranged Weapons
  3768 | D:5      | Noticed Ijyb
  3769 | D:5      | 3769 ||| FLEEEEING.
  3774 | D:5      | 3774 ||| INVOKING Heroism.
  3776 | D:5      | Killed Ijyb
  3874 | D:5      | 3874 ||| INVOKING Heroism.
  3920 | D:5      | Reached skill level 8 in Ranged Weapons
  3920 | D:5      | Found a staircase to the Ecumenical Temple.
  3926 | D:5      | 3926 ||| READING 2 scrolls labelled POSTRY MEYSANT.
  3927 | D:5      | 3927 ||| DRINKING 2 coppery potions.
  3933 | D:5      | 3933 ||| INVOKING Heroism.
  3934 | D:5      | 3934 ||| READING 3 scrolls of identify.
  3934 | D:5      | 3934 ||| IDENTIFYING fizzy purple potion
  3935 | D:5      | 3935 ||| READING 2 scrolls of identify.
  3935 | D:5      | 3935 ||| IDENTIFYING fuming puce potion
  3936 | D:5      | 3936 ||| DROPPING potion of ambrosia.
  4029 | D:5      | 4029 ||| INVOKING Heroism.
  4033 | D:5      | Reached XP level 8. HP: 68/68 MP: 6/9
  4108 | D:5      | Found a glowing golden altar of the Shining One.
  4110 | D:5      | Found a white marble altar of Elyvilon.
  4120 | D:5      | Found a sacrificial altar of Ru.
  4194 | D:5      | 4194 ||| INVOKING Heroism.
  4328 | D:5      | 4328 ||| INVOKING Heroism.
  4411 | D:5      | Reached skill level 9 in Ranged Weapons
  4579 | D:5      | Found a glowing silver altar of Zin.
  4593 | D:5      | 4593 ||| INVOKING Heroism.
  4596 | D:5      | Reached skill level 3 in Dodging
  4753 | D:5      | 4753 ||| DRINKING 3 fuming blue potions.
  4857 | D:5      | 4857 ||| DROPPING 2 potions of berserk rage.
  4959 | D:6      | 4959 ||| DROPPING +3 sling.
  5035 | D:6      | Found a radiant altar of Vehumet.
  5035 | D:6      | Found a blossoming altar of Fedhas.
  5037 | D:6      | Found an opulent altar of Gozag.
  5041 | D:6      | Found a broken altar of Ashenzari.
  5054 | D:6      | Found a stormy altar of Qazlal.
  5141 | D:6      | Noticed Menkaure
  5142 | D:6      | 5142 ||| INVOKING Heroism.
  5144 | D:6      | Reached skill level 6 in Fighting
  5148 | D:6      | Killed Menkaure
  5149 | D:6      | Reached skill level 3 in Armour
  5182 | D:6      | Noticed Pikel
  5183 | D:6      | 5183 ||| INVOKING Heroism.
  5184 | D:6      | Noticed Maggie
  5194 | D:6      | Killed Pikel
  5194 | D:6      | Reached ** piety under Okawaru
  5195 | D:6      | Reached skill level 10 in Ranged Weapons
  5195 | D:6      | Reached XP level 9. HP: 20/75 MP: 9/11
  5200 | D:6      | Killed Maggie
  5385 | D:6      | 5385 ||| INVOKING Heroism.
  5477 | D:6      | 5477 ||| INVOKING Heroism.
  5769 | D:6      | 5769 ||| Stepping ~*~*~tactically~*~*~ (outnumbered).
  5771 | D:6      | 5771 ||| Stepping ~*~*~tactically~*~*~ (outnumbered).
  5773 | D:6      | 5773 ||| Stepping ~*~*~tactically~*~*~ (outnumbered).
  5783 | D:6      | Reached skill level 11 in Ranged Weapons
  6327 | D:6      | 6327 ||| UPGRADING to +0 swamp dragon scales.
  6337 | D:6      | 6337 ||| REMOVING ring of poison resistance.
  6338 | D:6      | 6338 ||| DROPPING +0 ring mail.
  6339 | D:6      | 6339 ||| UPGRADING to ring of resist corrosion.
  6368 | D:7      | 6368 ||| STAIRDANCE
  6370 | D:6      | 6370 ||| DRINKING potion of curing.
  6370 | D:6      | 6370 ||| (to cure confusion)
  6396 | D:7      | 6396 ||| STAIRDANCE
  6548 | D:7      | Reached *** piety under Okawaru
  6551 | D:7      | Found a snail-covered altar of Cheibriados.
  6553 | D:7      | 6553 ||| INVOKING Heroism.
  6761 | D:7      | Found a flagged portal.
  6849 | D:7      | 6849 ||| INVOKING Heroism.
  6852 | D:7      | Reached skill level 12 in Ranged Weapons
  6856 | D:7      | HP: 18/79 [yak (6)]
  6857 | D:7      | Reached XP level 10. HP: 20/88 MP: 10/12
  6857 | D:7      | 6857 ||| READING 2 scrolls of teleportation.
  6861 | D:7      | 6861 ||| READING scroll of teleportation.
  6922 | D:7      | 6922 ||| INVOKING Heroism.
  6931 | D:7      | 6931 ||| INVOKING Heroism.
  6931 | D:7      | HP: 18/88 [centaur/arrow (9)]
  7466 | D:7      | 7466 ||| READING scroll labelled HIXTOZ AQYPSI.
  7491 | D:8      | 7491 ||| INVOKING Heroism.
  7528 | D:8      | Noticed a two-headed ogre
  7529 | D:8      | 7529 ||| INVOKING Heroism.
  7534 | D:8      | Killed a two-headed ogre
  7562 | D:8      | 7562 ||| INVOKING Heroism.
  7563 | D:8      | 7563 ||| Stepping ~*~*~tactically~*~*~ (cloud).
  7571 | D:8      | Reached skill level 13 in Ranged Weapons
  7699 | D:8      | 7699 ||| INVOKING Heroism.
  7737 | D:8      | 7737 ||| INVOKING Heroism.
  7778 | D:8      | Found Dauczikhloroi's Antique Armour Boutique.
  7784 | D:8      | 7784 ||| BUYING encrusted ring mail (297 gold).
  7784 | D:8      | Bought an encrusted ring mail for 297 gold pieces
  7784 | D:8      | Identified the +4 ring mail of Atasobb {rElec rF+ Int+5}
                  | (You bought it in a shop on level 8 of the Dungeon)
  7784 | D:8      | 7784 ||| SHOPLISTING glowing scarf (264 gold, have 95).
  7859 | D:8      | 7859 ||| Stepping ~*~*~tactically~*~*~ (outnumbered).
  7861 | D:8      | 7861 ||| Stepping ~*~*~tactically~*~*~ (outnumbered).
  7863 | D:8      | 7863 ||| Stepping ~*~*~tactically~*~*~ (outnumbered).
  7880 | D:8      | Reached skill level 9 in Fighting
  8229 | D:8      | 8229 ||| UPGRADING to +2 hat.
  8234 | D:8      | 8234 ||| UPGRADING to +4 ring mail of Atasobb {rElec rF+
                  | Int+5}.
  8244 | D:8      | 8244 ||| UPGRADING to ring of poison resistance.
  8245 | D:8      | 8245 ||| READING scroll labelled QUABO HYELYRR.
  8246 | D:8      | 8246 ||| READING scroll labelled PYPLYI CUTO.
  8406 | D:9      | 8406 ||| INVOKING Heroism.
  8434 | D:9      | Noticed a boulder beetle
  8435 | D:9      | 8435 ||| INVOKING Heroism.
  8454 | D:9      | Reached skill level 14 in Ranged Weapons
  8454 | D:9      | HP: 9/91 [boulder beetle (17)]
  8455 | D:9      | Mangled by a boulder beetle

Levels and vault maps discovered:
D:1:      shiori_arrival_elements, layout_basic, serial_shops, shop
D:2:      layout_loops_corners, serial_shops, shop, basic_altar
D:3:      layout_basic, hellmonk_okawaru_the_only_friend_you_need,
          mainiacjoe_overflow_surrounded_room, serial_shops,
          nicolae_shop_window_shopping, shop, nicolae_shop_rolling_square,
          nicolae_shop_peninsula, nicolae_diamond_shop
D:4:      layout_loops_ring, marbit_many_paths, kennysheep_mini, minmay_bent,
          uniq_sigmund
D:5:      layout_loops_ring, good_gods_temple_1, nicolae_ru_path_of_blood,
          minmay_temple_entry_statues, uniq_grinder, uniq_ijyb
D:6:      layout_layer_cave, minitemple, nicolae_qazlal_general_emergency,
          minmay_misc_feat_rows, uniq_menkaure, uniq_pikel, uniq_maggie
D:7:      layout_loops_ring, kennysheep_little_box, enter_bailey_1
D:8:      layout_basic, serial_shops, shop_statue, kennysheep_generic_room_10
D:9:      cheibrodos_ideogram_h, layout_irregular_city, erik_lair_dragon,
          hangedman_misty_isle

Skill      XL: |  1  2  3  4  5  6  7  8  9 10 |
---------------+-------------------------------+-----
Ranged Weapons | 3 5 6 8 10 12 14 | 14.0
Fighting       | 2 5 6 7 9 |  9.1
Armour         | 1 3 4 |  4.1
Invocations    | 2 3 4 |  4.0
Dodging        | 3 5 |  5.1
Spellcasting   | |  1.0
Hexes          | |  2.0

Action                     |  1- 3 |  4- 6 |  7- 9 | 10-12 || total
---------------------------+-------+-------+-------+-------++-------
   Fire: Sling             |   104 |    56 |   248 |   171 ||   579
 Invoke: Heroism           |       |     3 |    16 |     9 ||    28
    Use: Scroll            |     2 |     2 |     8 |     5 ||    17
         Potion            |     1 |       |     4 |       ||     5
 Armour: Robe              |     9 |       |       |       ||     9
         Ring mail         |       |    10 |    35 |    20 ||    65
         Swamp dragon scal |       |       |     9 |    13 ||    22
  Dodge: Dodged            |    29 |    15 |    86 |    75 ||   205

Table legend:
 A = Non-vault XP
 B = Vault XP
 C = Vault XP percentage of total XP
 D = Non-vault monster count
 E = Vault monster count
 F = Vault count percentage of total count
                 A         B        C        D         E       F
            +---------+---------+-------+---------+---------+-------
      Total |    6626 |    2930 |  30.7 |     170 |      24 |  12.4
            +---------+---------+-------+---------+---------+-------
        D:1 |      26 |       0 |   0.0 |      16 |       0 |   0.0
        D:2 |      29 |       0 |   0.0 |      11 |       0 |   0.0
        D:3 |     138 |       0 |   0.0 |       8 |       0 |   0.0
        D:4 |     249 |     421 |  62.8 |      20 |      11 |  35.5
        D:5 |     941 |     298 |  24.1 |      18 |       2 |  10.0
        D:6 |    1143 |    1260 |  52.4 |      28 |       3 |   9.7
        D:7 |    1493 |       0 |   0.0 |      27 |       0 |   0.0
        D:8 |    2305 |      96 |   4.0 |      37 |       1 |   2.6
        D:9 |     302 |     855 |  73.9 |       5 |       7 |  58.3
            +---------+---------+-------+---------+---------+-------
